 Dungeon Crawl Stone Soup version 0.30.1-4-g462c640d31 (webtiles) character file.

Game seed: 5336388093450171966

1139 Graphine the Carver (level 8, 0/56 HPs)
             Began as a Merfolk Gladiator on Sept 14, 2023.
             Was a Believer of Elyvilon.
             Splashed by a jelly's acid (1 damage)
             ... on level 6 of the Dungeon.
             The game lasted 00:10:00 (4884 turns).

Graphine the Carver (Merfolk Gladiator)             Turns: 4884, Time: 00:10:00

Health: 0/56       AC:  2    Str: 13 (15) XL:     8   Next: 37%
Magic:  0/8        EV: 13    Int:  4 (7)  God:    Elyvilon [**....]
Gold:   216        SH:  0    Dex: 15 (17) Spells: 7/7 levels left

rFire   . . .        a - +1 long sword
rCold   . . .        (no shield)
rNeg    . . .        b - +0 leather armour
rPois   .            g - +2 hat
rElec   .            (no cloak)
rCorr   .            (no gloves)
SInv    .            l - +0 pair of boots
Will    .....        o - amulet of guardian spirit
Stlth   +            (no ring)
HPRegen 0.29/turn    (no ring)
MPRegen 0.11/turn

%: guardian spirit
@: corroded
A: (nimble swimmer 2), mertail
a: Renounce Religion, Purification, Heal Other


You were on level 6 of the Dungeon.
You worshipped Elyvilon.
Elyvilon was pleased with you.
You visited 2 branches of the dungeon, and saw 7 of its levels.

You collected 216 gold pieces.

Inventory:

Hand Weapons
 a - a +1 long sword (weapon)
 h - a +2 dagger of venom
 n - a +0 rapier
Missiles
 d - a throwing net (quivered)
 e - 3 javelins
Armour
 b - a +0 leather armour (worn)
 g - a +2 hat (worn)
 l - a +0 pair of boots (worn)
Jewellery
 o - an amulet of guardian spirit (around neck)
Wands
 w - a wand of digging (9)
Scrolls
 f - a scroll of teleportation {unknown}
 p - a scroll of silence {unknown}
 t - a scroll of immolation {unknown}
 u - a scroll of noise {unknown}
Potions
 i - 3 potions of degeneration
 j - a potion of ambrosia {unknown}
 k - a potion of flight {unknown}
 m - a potion of haste {unknown}
 q - a potion of curing {unknown}
 r - a potion of might
 s - a potion of cancellation
 v - a potion of mutation {unknown}


   Skills:
 - Level 2.1 Fighting
 * Level 12.0 Long Blades
 - Level 2.0 Throwing
 - Level 4.0 Dodging


You had 7 spell levels left.
You didn't know any spells.
Your spell library contained the following spells:

 Spells                   Type           Power      Damage    Failure   Level
 Foxfire                  Conj/Fire      0%         2x1d4     58%         1
 Ensorcelled Hibernation  Hex/Ice        0%         N/A       73%         2
 Dazzling Flash           Conj/Hex       0%         N/A       91%         3
 Hailstorm                Conj/Ice       0%         3d3       91%         3
 Spider Form              Tmut/Pois      0%         N/A       91%         3
 Volatile Blastmotes      Fire/Tloc      0%         2d10      91%         3
 Anguish                  Hex/Necr       0%         N/A       100%        4
 Ice Form                 Ice/Tmut       0%         N/A       100%        4
 Iskenderun's Mystic Bla  Conj/Tloc      0%         2d3       100%        4
 Fireball                 Conj/Fire      0%         3d3       100%        5
 Plasma Beam              Fire/Air       0%         2x1d11    100%        6
 Simulacrum               Ice/Necr       0%         N/A       100%        6
 Starburst                Conj/Fire      0%         6d3       100%        6


Dungeon Overview and Level Annotations

Branches:
Dungeon (6/15)             Temple (1/1) D:4

Altars:
Ashenzari
Cheibriados
Elyvilon
Fedhas
Hepliaklqana
Sif Muna
Trog
Uskayaw
Xom
Zin


Innate Abilities, Weirdness & Mutations

((You are very nimble when in or above water. (Stealth+, EV+, Speed+++)))
Your lower body shifts to a powerful aquatic tail in water.


Message History

The acid corrodes you!
You are splashed with acid!
You are too injured to fight recklessly!
You are too injured to fight recklessly!
Okay, then.
Okay, then.
As you read the scroll labelled YDABBU WODAGUI, it crumbles to dust.
It is a scroll of enchant weapon.
Your +0 long sword glows red for a moment.
The jelly hits you.
You are splashed with acid!
* * * LOW HITPOINT WARNING * * *
It was a potion of degeneration.
There was something very wrong with that liquid.
You feel weakened.
You feel dopey.
You feel clumsy. The jelly hits you.
* * * LOW HITPOINT WARNING * * *
You are splashed with acid.
* * * LOW HITPOINT WARNING * * *
It was a potion of might.
You feel very mighty all of a sudden. The jelly closely misses you.
You hit the jelly but do no damage.
Your hands burn!
Elyvilon protects you from harm!
Okay, then.
You slash the jelly!
Your hands burn!
Elyvilon protects you from harm!
The jelly is heavily wounded.
The jelly hits you.
* * * LOW HITPOINT WARNING * * *
You are splashed with acid!
Elyvilon protects you from harm!
It was a potion of cancellation.
Your magical effects are unravelling.
You feel magically purged.
You feel a little less mighty now.
You are no longer corroded.
The jelly hits you.
* * * LOW HITPOINT WARNING * * *
The acid corrodes you!
You are splashed with acid!
Elyvilon protects you from harm!
You hit the jelly.
Your hands burn!
You die...

..... .... ##.#.#.#
#.#.# #............
###.#.#.#.#.#
##...........
###..#.#.#.#.#.#.#
..........†......<
..#..#.#.#.#
.......@#)########.
.###...J#.#........
#.#..#.#........#
.. #..#.#........#
## #..#.#.(......#
#....:.........
#..#.#........#
####..#.#........#
.[#..#.#........#


You could see a jelly.

Vanquished Creatures
  A water moccasin (D:4)
  3 black bears
  An ogre (D:5)
  A bullfrog (D:6)
  A scorpion (D:6)
  A quasit (D:5)
  3 hounds
  A jelly (D:6)
  5 iguanas
  2 orc wizards (D:3)
  5 adders
  7 gnolls
  4 shadow imps (D:5)
  A white imp (D:5)
  5 ufetubi (D:5)
  2 worms (D:3)
  A dart slug (D:2)
  3 orcs
  4 ball pythons
  7 bats
  4 endoplasms
  2 giant cockroaches (D:1)
  8 goblins
  2 hobgoblins
  3 quokkas
  5 frilled lizards (D:1)
  6 kobolds
  7 rats
95 creatures vanquished.

Vanquished Creatures (others)
  A butterfly (D:3)
1 creature vanquished.

Grand Total: 96 creatures vanquished

Notes
Turn   | Place    | Note
-------+----------+-------------------------------------------
     0 | D:1      | Graphine the Merfolk Gladiator began the quest for the Orb.
     0 | D:1      | Reached XP level 1. HP: 16/16 MP: 1/1
    65 | D:1      | Reached skill level 4 in Long Blades
   133 | D:1      | Reached XP level 2. HP: 22/22 MP: 2/2
   261 | D:1      | Noticed a golden eye
   265 | D:1      | Found a faded altar of an unknown god.
   270 | D:1      | Noticed a floating eye
   275 | D:1      | Noticed a golden eye
   629 | D:1      | Noticed a floating eye
   733 | D:2      | Reached skill level 5 in Long Blades
   733 | D:2      | Reached XP level 3. HP: 27/27 MP: 3/3
  1852 | D:3      | Reached XP level 4. HP: 33/33 MP: 4/4
  1854 | D:3      | Found a white marble altar of Elyvilon.
  1860 | D:3      | Became a worshipper of Elyvilon the Healer
  1879 | D:3      | Reached skill level 6 in Long Blades
  2092 | D:3      | Reached XP level 5. HP: 37/38 MP: 5/5
  2378 | D:4      | Noticed a black bear
  2388 | D:4      | Killed a black bear
  2389 | D:4      | Reached skill level 7 in Long Blades
  2450 | D:3      | Reached XP level 6. HP: 40/44 MP: 6/6
  2585 | D:3      | Reached skill level 8 in Long Blades
  2789 | D:4      | Found a broken altar of Ashenzari.
  2841 | D:4      | Found a snail-covered altar of Cheibriados.
  3069 | D:4      | Found a staircase to the Ecumenical Temple.
  3111 | Temple   | Entered the Ecumenical Temple
  3168 | D:4      | Noticed a water moccasin
  3182 | D:4      | Killed a water moccasin
  3183 | D:4      | Reached skill level 9 in Long Blades
  3371 | D:4      | Reached * piety under Elyvilon
  3384 | D:5      | Entered Level 5 of the Dungeon
  3465 | D:4      | Reached XP level 7. HP: 37/50 MP: 4/7
  3783 | D:5      | Reached skill level 10 in Long Blades
  3975 | D:5      | Found a blossoming altar of Fedhas.
  4322 | D:5      | Reached skill level 11 in Long Blades
  4332 | D:5      | Reached XP level 8. HP: 22/56 MP: 3/8
  4501 | D:5      | Reached ** piety under Elyvilon
  4813 | D:6      | Reached skill level 12 in Long Blades
  4881 | D:6      | Elyvilon protects you from harm!
  4882 | D:6      | Elyvilon protects you from harm!
  4882 | D:6      | Elyvilon protects you from harm!
  4883 | D:6      | HP: 1/56 [jelly (2)]
  4883 | D:6      | Elyvilon protects you from harm!
  4884 | D:6      | Splashed by a jelly's acid

Illustrated notes

Levels and vault maps discovered:
D:1:      onia_arrival_mini_maze, layout_loops_ring,
          hellmonk_ecumenical_altar_watching_god
D:2:      layout_basic
D:3:      layout_rooms, nicolae_elyvilon_peaceful_grove, serial_curves,
          eino_curves_02, eino_curves_01
D:4:      layout_loops_cross, kennysheep_mini,
          mainiacjoe_overflow_surrounded_room, minmay_temple_entry_mini_moons
D:5:      layout_loops_ring, mainiacjoe_overflow_paths, serial_demonic,
          serial_demonic_d, serial_demonic_f, serial_demonic_d, serial_demonic_c
D:6:      layout_basic, nicolae_gozag_zags_fifth_avenue, marbit_many_paths,
          lemuel_doored_altar, okawaru_ov_weapons_minmay,
          nicolae_qazlal_style_of_elements, st_stairs_11, chequers_big_river,
          abandoned_shop, chequers_garden
Temple:   nicolae_temple_ecumenical_triangle

Skill      XL: |  1  2  3  4  5  6  7  8 |
---------------+-------------------------+-----
Long Blades    | 4 5 6 7 9 11 12 | 12.0
Fighting       | |  2.1
Throwing       | |  2.0
Dodging        | |  4.0

Action                     |  1- 3 |  4- 6 |  7- 9 || total
---------------------------+-------+-------+-------++-------
  Melee: Long sword        |    88 |   148 |   197 ||   433
         Punch             |     2 |     4 |     2 ||     8
         Tailslap          |       |     1 |       ||     1
  Throw: Throwing net      |       |     2 |       ||     2
    Use: Potion            |       |       |     3 ||     3
         Scroll            |       |       |     1 ||     1
   Stab: Sleeping          |       |     1 |       ||     1
 Armour: Leather armour    |    32 |    31 |    60 ||   123
  Dodge: Dodged            |    71 |    95 |   160 ||   326
